[Event "International chess holiday M31"]
[Site "?"]
[Date "2017.08.04"]
[Round "9"]
[White "Holy, Filip"]
[Black "Jurcisin, Imrich"]
[Result "1-0"]
[ECO "B01"]
[WhiteElo "2007"]
[BlackElo "2033"]
[Annotator "Koller,Martin"]
[PlyCount "81"]
[TimeControl "240+2"]

{279MB} 1. e4 d5 2. exd5 Nf6 3. d4 Nxd5 4. c4 Nb6 5. a3 Nc6 6. d5 Ne5 7. Nf3
Nxf3+ 8. Qxf3 e5 9. dxe6 Bxe6 10. Qxb7 Nd7 11. Be2 Bc5 12. O-O O-O 13. b4 Bd4
14. Ra2 Rb8 15. Qf3 c5 16. Rd2 Ne5 17. Qb3 Qf6 18. b5 Qg6 19. Bb2 Bf5 20. Bxd4
cxd4 21. Rxd4 Be4 22. Qg3 Bxb1 23. Qxe5 Rbe8 24. Qh5 Qf6 25. Rd2 Qf4 26. Rfd1
Be4 27. Bf1 Re5 28. Qh3 Rg5 29. Rd8 f5 30. Rxf8+ Kxf8 31. Qe3 Qg4 32. f3 Qxf3
33. Qxf3 Bxf3 34. Rd7 f4 35. Kf2 Be4 36. Rxa7 Ke8 37. a4 Kd8 38. a5 Kc8 39. a6
Rg6 40. Rf7 Rd6 41. Rxf4 1-0

[Event "International chess holiday M31"]
[Site "?"]
[Date "2017.08.04"]
[Round "9"]
[White "Bayarsaikhan, Yanjinlkhan"]
[Black "Vavrinec, Tomas"]
[Result "1-0"]
[ECO "A61"]
[WhiteElo "1988"]
[BlackElo "1960"]
[Annotator "Koller,Martin"]
[PlyCount "99"]
[TimeControl "240+2"]

{279MB} 1. d4 Nf6 2. c4 c5 3. d5 e6 4. Nc3 exd5 5. cxd5 d6 6. Nf3 g6 7. Nd2 Na6
8. g3 Nc7 9. Bg2 b5 10. Nde4 Nxe4 11. Nxe4 f5 12. Nd2 Bb7 13. Nb3 Bg7 14. Na5
Ba6 15. O-O O-O 16. Rb1 Re8 17. Re1 Qf6 18. h4 h6 19. Bd2 Qf7 20. Bc3 Bf8 21.
b4 c4 22. Qd2 Bc8 23. Rbd1 Bg7 24. Bxg7 Kxg7 25. Nc6 Qf6 26. Qd4 Bd7 27. Qxf6+
Kxf6 28. Nd4 Rac8 29. e3 Na8 30. Ne2 Nb6 31. Nc3 Ra8 32. Rd2 g5 33. hxg5+ hxg5
34. Rde2 a5 35. Rb2 f4 36. Ne4+ Rxe4 37. Bxe4 axb4 38. exf4 gxf4 39. gxf4 Ra3
40. Ree2 Na4 41. Rxb4 Nc3 42. Re3 Nxa2 43. Rxa3 Nxb4 44. f3 Bf5 45. Kf2 Nd3+
46. Bxd3 Bxd3 47. Ra6 Ke7 48. Ke3 b4 49. Ra7+ Kf6 50. Rd7 1-0

[Event "International chess holiday K31"]
[Site "?"]
[Date "2017.08.04"]
[Round "9"]
[White "Zizka, Petr"]
[Black "Pokorny, Jan"]
[Result "1/2-1/2"]
[ECO "B07"]
[WhiteElo "1966"]
[BlackElo "1835"]
[Annotator "Koller,Martin"]
[PlyCount "42"]
[TimeControl "240+2"]

{279MB} 1. e4 d6 2. d4 Nf6 3. Bd3 g6 4. Nf3 Bg7 5. O-O O-O 6. Re1 Nc6 7. d5 Nb4
8. Bf1 a5 9. c4 c5 10. a3 Na6 11. Nc3 Bg4 12. h3 Bxf3 13. Qxf3 Nd7 14. Qg3 Nc7
15. Rb1 b6 16. f4 f5 17. e5 Ne8 18. Nb5 Qb8 19. exd6 Nxd6 20. Bd3 Nxb5 21. cxb5
Qd8 1/2-1/2

[Event "International chess holiday K31"]
[Site "?"]
[Date "2017.08.04"]
[Round "9"]
[White "Hapke, Ralf"]
[Black "Nelson, Wayne"]
[Result "1/2-1/2"]
[ECO "B15"]
[WhiteElo "1828"]
[BlackElo "2056"]
[Annotator "Koller,Martin"]
[PlyCount "28"]
[TimeControl "240+2"]

{279MB} 1. e4 c6 2. Nc3 d5 3. Nf3 g6 4. h3 Bg7 5. exd5 cxd5 6. d4 Nc6 7. Bf4 a6
8. Qd2 e6 9. Nd1 Qb6 10. c3 Bd7 11. Bd3 Nf6 12. Ne5 O-O 13. O-O Nxe5 14. Bxe5
Bb5 1/2-1/2

[Event "International chess holiday K31"]
[Site "?"]
[Date "2017.08.04"]
[Round "9"]
[White "Aubrecht, Petr"]
[Black "Novak, Jindrich"]
[Result "1/2-1/2"]
[ECO "B07"]
[WhiteElo "1935"]
[BlackElo "2105"]
[Annotator "Koller,Martin"]
[PlyCount "34"]
[TimeControl "240+2"]

{279MB} 1. e4 d6 2. d4 e5 3. dxe5 dxe5 4. Qxd8+ Kxd8 5. Nf3 f6 6. Nc3 c6 7. Bc4
Nd7 8. Be3 Bc5 9. Bxc5 Nxc5 10. O-O-O+ Kc7 11. a3 Be6 12. Nd2 b5 13. Bxe6 Nxe6
14. Nb3 Ne7 15. Rd2 Rhd8 16. Rhd1 Rxd2 17. Rxd2 Rd8 1/2-1/2

[Event "International chess holiday K31"]
[Site "?"]
[Date "2017.08.04"]
[Round "9"]
[White "Civin, Dominik"]
[Black "Cisarik, Pavol"]
[Result "1-0"]
[ECO "D36"]
[WhiteElo "1846"]
[BlackElo "1674"]
[Annotator "Koller,Martin"]
[PlyCount "77"]
[TimeControl "240+2"]

{279MB} 1. d4 Nf6 2. c4 e6 3. Nc3 d5 4. cxd5 exd5 5. Bg5 c6 6. Qc2 Be7 7. e3
Nbd7 8. Bd3 h6 9. Bf4 Nf8 10. h3 Ne6 11. Bh2 Bd6 12. Bxd6 Qxd6 13. Nf3 O-O 14.
O-O-O Bd7 15. g4 c5 16. dxc5 Nxc5 17. g5 hxg5 18. Nxg5 Nxd3+ 19. Qxd3 Rac8 20.
Kb1 g6 21. Qd4 Bf5+ 22. Ka1 Qc6 23. f3 Rfd8 24. h4 a6 25. Nh3 Bxh3 26. Rxh3 Qe6
27. Rg3 Rc4 28. Qd2 Rxh4 29. Rg5 d4 30. Qf2 Rh5 31. Rxh5 Nxh5 32. exd4 Nf4 33.
Qh4 Qd6 34. Ne4 Qc7 35. Rh1 Nh5 36. Nf6+ Kf8 37. Nxh5 gxh5 38. Qxh5 Rxd4 39.
Qh8+ 1-0

[Event "International chess holiday K31"]
[Site "?"]
[Date "2017.08.04"]
[Round "9"]
[White "Vit, Zdenek"]
[Black "Hering, Sven"]
[Result "1/2-1/2"]
[ECO "B32"]
[WhiteElo "1889"]
[BlackElo "1949"]
[Annotator "Koller,Martin"]
[PlyCount "106"]
[TimeControl "240+2"]

{279MB} 1. e4 c5 2. Nf3 Nc6 3. d4 cxd4 4. Nxd4 e5 5. Nb5 d6 6. c4 Be7 7. N1c3
a6 8. Na3 f5 9. exf5 Bxf5 10. Nc2 Nf6 11. Ne3 Be6 12. g3 O-O 13. Bg2 Qd7 14.
O-O Kh8 15. Ncd5 Rad8 16. Nxf6 Bxf6 17. b3 Bg5 18. Bb2 b5 19. Bd5 bxc4 20. bxc4
Ne7 21. Bxe6 Qxe6 22. Nd5 Qh3 23. Qe2 Nf5 24. f4 exf4 25. gxf4 Rde8 26. Qg2
Qxg2+ 27. Kxg2 Bh4 28. Kf3 Kg8 29. Rg1 g6 30. Rg2 Re6 31. Re2 Rfe8 32. Rxe6
Rxe6 33. Rd1 Be1 34. Nf6+ Kf7 35. Ne4 Nh4+ 36. Ke3 Ke7 37. Bf6+ Kd7 38. Bxh4
Bxh4 39. Kf3 Kc6 40. Rd5 Be1 41. f5 gxf5 42. Rxf5 Rh6 43. Rd5 Bb4 44. Kg3 Be1+
45. Kf4 Bh4 46. Ra5 Kb6 47. Rd5 Be7 48. Kg3 Rg6+ 49. Kf3 Bf8 50. Rf5 Be7 51.
Rf7 Re6 52. Rxh7 Kc6 53. Rh5 Rg6 1/2-1/2